 Dungeon Crawl Stone Soup version 0.23.2-1-ga50397a (webtiles) character file.

Game seed: 7299261767807337150

69 Fang the Skirmisher (level 4, -4/43 HPs)
             Began as a Gargoyle Berserker on May 8, 2019.
             Was a Believer of Trog.
             Slain by a gnoll
             ... wielding a +0 flail
              (6 damage)
             ... on level 2 of the Dungeon.
             The game lasted 00:01:08 (1239 turns).

Fang the Skirmisher (Gargoyle Berserker)            Turns: 1239, Time: 00:01:09

Health: -4/43      AC:  5    Str: 31    XL:     4   Next: 20%
Magic:  4/4        EV: 12    Int:  7    God:    Trog [**....]
Gold:   62         SH:  0    Dex:  9    Spells: 3/3 levels left

rFire    . . .     SeeInvis .   a - +0 hand axe
rCold    . . .     Gourm    .   (no shield)
rNeg     + . .     Faith    .   b - +0 animal skin
rPois    ∞         Spirit   .   (no helmet)
rElec    +         Reflect  .   (no cloak)
rCorr    .         Harm     .   (no gloves)
MR       .....                  (no boots)
Stlth    ..........             (no amulet)
HPRegen  0.14/turn              g - +4 ring of strength
MPRegen  0.09/turn              (no ring)

@: berserking, very quick
A: negative energy resistance 1, electricity resistance, unbreathing,
petrification resistance, rot immunity, AC +3
a: Berserk, Trog's Hand, Renounce Religion


You were on level 2 of the Dungeon.
You worshipped Trog.
Trog was pleased with you.
You were very hungry.

You visited 1 branch of the dungeon, and saw 2 of its levels.

You collected 62 gold pieces.

Inventory:

Hand Weapons
 a - a +0 hand axe (weapon)
Armour
 b - a +0 animal skin (worn)
Jewellery
 g - a +4 ring of strength (left hand)
Scrolls
 d - a scroll of identify {unknown}
 e - a scroll of remove curse {unknown}
 j - a scroll of teleportation {unknown}
Potions
 f - a potion of haste {unknown}
 i - a potion of degeneration {unknown}
 k - a potion of invisibility {unknown}
Comestibles
 c - a ration


   Skills:
 + Level 3.8 Fighting
 + Level 3.2 Axes
 + Level 3.0 Armour
 + Level 2.2 Dodging


You had 3 spell levels left.
You didn't know any spells.
Your spell library was empty.

Dungeon Overview and Level Annotations

Branches:
Dungeon (2/15)

Altars:


Innate Abilities, Weirdness & Mutations

You are resistant to torment.
Your stone body is resilient. (AC +3)
You are immune to poison.
You resist negative energy. (rN+)
You are resistant to electric shocks. (rElec)
You can survive without breathing.
You are immune to petrification.
You are immune to rotting.


Message History

You hit the gnoll. You closely miss the gnoll. The gnoll barely misses you.
The gnoll hits you with a +0 flail.
* * * LOW HITPOINT WARNING * * *
The gnoll barely misses you.
Found a scale mail.
You see here a +0 club.
You are too injured to fight recklessly!
You hit the gnoll.
The gnoll is lightly wounded.
You slash the rat!
You kill the rat!
Trog accepts your kill.
You barely miss the gnoll. You slash the gnoll! The gnoll barely misses you.
The gnoll hits you with a +0 flail!
* * * LOW HITPOINT WARNING * * *
You completely miss the gnoll.
The gnoll is lightly wounded.
You closely miss the gnoll. You barely miss the gnoll.
The gnoll hits you with a +0 flail.
You die...

#.# #.# # #.#
## #.##.###....
#...r.......
#<# #.#
####.##.###
...<..g@g.#
.......g†.#
............#
..........#...#
###............
#..........."
#.....(.(###.
#....[...#


You could see 3 gnolls and a rat.

Vanquished Creatures
  A gnoll (D:2)
  2 oozes (D:1)
  A dart slug (D:1)
  3 leopard geckos (D:1)
  3 ball pythons (D:1)
  5 bats (D:1)
  2 goblins (D:1)
  4 hobgoblins (D:1)
  13 jackals (D:1)
  3 frilled lizards (D:1)
  2 kobolds (D:1)
  2 rats
41 creatures vanquished.

Notes
Turn   | Place    | Note
-------+----------+-------------------------------------------
     0 | D:1      | Fang the Gargoyle Berserker began the quest for the Orb.
     0 | D:1      | Reached XP level 1. HP: 14/14 MP: 1/1
    45 | D:1      | Reached XP level 2. HP: 8/19 MP: 2/2
   600 | D:1      | Reached XP level 3. HP: 23/23 MP: 3/3
   677 | D:1      | Reached ** piety under Trog
   992 | D:1      | Reached XP level 4. HP: 28/29 MP: 4/4
  1238 | D:2      | HP: 2/43 [gnoll/+0 flail (8)]
  1239 | D:2      | Slain by a gnoll

Skill      XL: |  1  2  3 |
---------------+----------+-----
Axes           | 3 |  3.2
Dodging        | 2 |  2.2
Armour         | 3 |  3.0
Fighting       | |  3.8

Action                   |  1- 3 |  4- 6 || total
-------------------------+-------+-------++-------
Melee: Hand axe          |   103 |     4 ||   107
Invok: Berserk           |     1 |     1 ||     2
 Stab: Sleeping          |     2 |       ||     2
  Eat: Chunk             |     1 |     1 ||     2
Armor: Animal skin       |    40 |     1 ||    41
Dodge: Dodged            |    94 |     4 ||    98
